 Dungeon Crawl Stone Soup version 0.22-a0-40-g3d2f077 (webtiles) character file.

33564 Brandom the Impaler (level 13, 0/111 HPs)
             Began as a Merfolk Chaos Knight on Jan 4, 2018.
             Slain by a komodo dragon (15 damage)
             ... on level 2 of the Lair of Beasts.
             The game lasted 01:22:38 (20743 turns).

Brandom the Impaler (Merfolk Chaos Knight)         Turns: 20743, Time: 01:22:40

Health: 0/111      AC: 18    Str: 16      XL:     13   Next: 71%
Magic:  13/13      EV: 22    Int: 11 (12) God:    Xom [..*...]
Gold:   369        SH:  0    Dex: 14 (15) Spells: 8/12 levels left

rFire    + . .     SeeInvis .   a - +7 bardiche (protect)
rCold    . . .     Gourm    .   (shield currently unavailable)
rNeg     . . .     Faith    .   k - +2 leather armour
rPois    .         Spirit   .   (helmet restricted)
rElec    .         Reflect  .   Q - scarf {repulsion}
rCorr    .         Harm     .   x - +1 pair of gloves {Str+3}
MR       +....     Clarity  +   B - +2 pair of boots
Stlth    +.........             (no amulet)
HPRegen  0.28/turn              f - ring of protection from fire
MPRegen  0.13/turn              l - ring of protection from magic

@: protection aura, repel missiles
A: change form in water, swift swim, stealthy swim, antennae 1, clarity, clumsy
1, deterioration 1, shaggy fur 1
a: Renounce Religion


You were on level 2 of the Lair of Beasts.
You worshipped Xom.
You were a toy of Xom.
You were not hungry.

You visited 2 branches of the dungeon, and saw 15 of its levels.
You also visited: Labyrinth.

You collected 369 gold pieces.

Inventory:

Hand Weapons
 a - a +7 bardiche of protection (weapon)
   (You acquired it on level 9 of the Dungeon)
 b - a +0 shortbow of chaos
   (You took it off a centaur on level 12 of the Dungeon)
 z - a +1 bardiche
   (You took it off a tengu warrior on level 11 of the Dungeon)
 I - a +0 hunting sling
   (You found it on level 3 of the Dungeon)
 K - a +0 blowgun
   (You took it off a kobold on level 11 of the Dungeon)
Missiles
 s - 268 arrows
 A - 54 bolts
 C - 7 curare-tipped needles {!f}
 E - 39 sling bullets
 M - 5 javelins of penetration
 P - a throwing net (quivered) {!f}
 U - 7 poisoned javelins
Armour
 j - a +0 helmet
   (Xom gifted it to you on level 1 of the Dungeon)
 k - a +2 leather armour (worn)
 x - a +1 pair of gloves of strength (worn)
   (You found it on level 1 of the Lair of Beasts)
 B - a +2 pair of boots (worn)
   (You found it on level 11 of the Dungeon)
 D - a +0 cloak
   (You found it on level 1 of the Dungeon)
 Q - a scarf of repulsion (worn)
   (You found it in a labyrinth)
Jewellery
 f - a ring of protection from fire (left hand)
   (You found it on level 1 of the Dungeon)
 h - an uncursed ring of stealth
   (You found it on level 1 of the Dungeon)
 l - a ring of protection from magic (right hand)
   (You found it in a labyrinth)
 o - an uncursed ring of fire
   (You found it on level 2 of the Dungeon)
 p - an uncursed ring of protection from cold
   (You found it on level 2 of the Dungeon)
 G - an uncursed ring of resist corrosion
   (You found it on level 5 of the Dungeon)
Wands
 q - a wand of polymorph (8)
   (You took it off Crazy Yiuf on level 2 of the Dungeon)
 t - a wand of flame (38)
   (You found it in a labyrinth)
 u - a wand of paralysis (31)
   (You found it on level 6 of the Dungeon)
 v - a wand of digging (14)
   (You found it on level 9 of the Dungeon)
Scrolls
 c - 11 scrolls of remove curse {@r2}
 m - 2 scrolls of immolation {!r}
 n - a scroll of noise {unknown}
 r - 4 scrolls of teleportation {@r4}
 y - 8 scrolls of fog
 H - 2 scrolls of blinking
 O - a scroll of enchant armour
 S - a scroll of fear
 W - 2 scrolls of identify {@r1}
Potions
 g - a potion of magic
 i - a potion of flight
 w - 4 potions of degeneration {!q}
 F - 2 potions of lignification {!q}
 J - 4 potions of berserk rage
 L - a potion of invisibility
 N - a potion of might
 R - 2 potions of haste {@q3}
 X - a potion of brilliance
 Y - a potion of curing {@q1}
 Z - 3 potions of cancellation
Books
 d - a book of the Earth
   (You found it on level 1 of the Lair of Beasts)
 T - a book of Frost
   (You found it on level 8 of the Dungeon)
 V - a book of Cantrips
   (You found it on level 9 of the Dungeon)
Comestibles
 e - 34 rations


   Skills:
 + Level 13.5 Fighting
 * Level 19.9 Polearms
 - Level 0.6 Armour
 + Level 15.5 Dodging


You had 8 spell levels left.
You knew the following spells:

 Your Spells              Type           Power        Failure   Level  Hunger
c - Apportation           Tloc           #.....       41%         1    ##.....
e - Regeneration          Chrm/Necr      #.........   78%         3    ####...


Dungeon Overview and Level Annotations

Branches:
Dungeon (13/15)            Temple (0/1) D:7            Lair (2/6) D:8
    Orc (0/2) D:10         Vaults (0/5) D:13
  Swamp: Lair:2-4    Shoals: Lair:2-4     Snake: Lair:2-4    Spider: Lair:2-4

Altars:
Kikubaaqudgha
Qazlal
Ru
Wu Jian
Xom
Zin
The Shining One
Beogh

Shops:
D:4 (   D:12 :   D:13 %

Annotations:
D:10 Maurice


Innate Abilities, Weirdness & Mutations

You revert to your normal form in water.
You are very nimble and swift while swimming.
You are very stealthy in the water. (Stealth+)
You have a pair of small antennae on your head.
You possess an exceptional clarity of mind.
You are clumsy. (Dex -2)
Your body sometimes deteriorates upon taking damage.
You are covered in fur. (AC +1)


Message History

You slice the yak!!
You kill the yak!
You barely miss the komodo dragon. The yak gores you.
The komodo dragon bites you but does no damage.
You closely miss the komodo dragon. The yak closely misses you.
The komodo dragon bites you but does no damage.
The yak gores you.
You completely miss the komodo dragon. The yak gores you but does no damage.
The yak closely misses you. The komodo dragon misses you.
The yak gores the fungus!!
You slash the komodo dragon! The yak misses you.
The komodo dragon completely misses you.
You barely miss the komodo dragon. The yak barely misses you. x2
The komodo dragon closely misses you. The yak barely misses you.
You slice the komodo dragon!! Xom notices you.
A fistful of eyes flickers past your view.
The yak closely misses you. The yak gores you but does no damage.
The komodo dragon misses you. The yak gores you. The yak misses you.
The yak closely misses you. The yak gores you. The yak closely misses you.
The komodo dragon bites you!! The komodo dragon bites you!!
* * * LOW HITPOINT WARNING * * *
You hit the yak but do no damage.
Your weapon exudes an aura of protection.
The yak gores you but does no damage.
Attack whom?
Aim: a komodo dragon (severely wounded)
The yak is in the way.
You slash the yak! The yak gores you!
* * * LOW HITPOINT WARNING * * *
Attack whom?
Aim: a komodo dragon (severely wounded)
You reach to attack!
You slash the komodo dragon! The yak closely misses you.
Attack whom?
Aim: a komodo dragon (almost dead)
The yak is in the way.
You barely miss the yak. The yak gores you!
* * * LOW HITPOINT WARNING * * *
Attack whom?
Aim: a komodo dragon (almost dead)
The yak is in the way.
You slice the yak!! The yak gores you but does no damage.
Attack whom?
Aim: a komodo dragon (almost dead)
The yak is in the way.
You slice the yak!!
You kill the yak!
The komodo dragon bites you!
You die...
Xom thinks this is hilarious!

#...%.P(..(..........# ..
#.........(.P.......# ...
#....P.(.%........#.# .....
.....%P.............# #.....
#.........†.......#.# #......
.......P......Y.##..###......
..###.........Y####......P.#
. ##.......Yl## ###.##.###
#...PP####@# ##....###.#
#...### ### #..<......# ##..#
##........# #.. ##..#.....
..# .#####... P.. # .. #


You could see a komodo dragon and 3 yaks.

Vanquished Creatures
  A minotaur (Lab)
  A centaur warrior (D:13)
  4 hydras
  Erica (D:10)
  8 two-headed ogres
  A tengu warrior (D:11)
  3 unseen horrors
  The ghost of Gorglomux the Covered, a novice DDFi of Makhleb (D:7)
  Pikel (D:8)
  2 orc knights (D:10)
  A necromancer (D:13)
  3 ugly things
  A manticore (D:11)
  8 slime creatures
  A black mamba (Lair:1)
  6 spiny frogs (Lair:1)
  Prince Ribbit (D:7)
  A hornet (D:11)
  4 hippogriffs (D:12)
  12 yaks
  3 wyverns
  2 shadows
  A wraith (D:10)
  Eustachio (D:4)
  4 basilisks (Lab)
  Grum (D:9)
  Edmund (D:4)
  2 water moccasins
  A porcupine (Lair:2)
  2 ice beasts
  4 orc warriors
  3 black bears
  2 phantoms
  An eye of draining (D:12)
  5 necrophages
  2 wolves (D:9)
  3 centaurs
  3 ogres
  3 crocodiles
  3 big kobolds
  Blork the orc (D:5)
  7 bullfrogs
  A wyvern zombie (D:7)
  7 scorpions
  12 killer bees
  9 wights
  A centaur zombie (D:5)
  10 howler monkeys
  12 crimson imps
  A jelly (D:10)
  2 quasits
  3 bullfrog zombies
  2 bullfrog skeletons
  8 orc priests
  Crazy Yiuf (D:2)
  4 centaur skeletons
  A gnoll shaman (D:8)
  7 hounds
  13 orc wizards
  4 iguanas
  9 worker ants
  A hound zombie (D:7)
  2 mummies (D:9)
  A worker ant zombie (D:5)
  A howler monkey zombie (D:8)
  7 gnolls
  2 howler monkey skeletons (D:9)
  5 adders
  3 shadow imps
  2 white imps
  An adder skeleton (D:4)
  An adder zombie (D:9)
  A worm (D:2)
  3 dart slugs
  4 leopard geckos
  58 orcs
  3 giant cockroaches
  7 goblins
  4 hobgoblins
  6 jackals
  3 quokkas
  10 bats
  3 frilled lizards
  A jackal skeleton (D:5)
  A jackal zombie (D:5)
  22 kobolds
  A leopard gecko skeleton (D:5)
  A quokka zombie (D:5)
  4 rats
381 creatures vanquished.

Vanquished Creatures (collateral kills)
  Josephine (D:10)
  The ghost of Gorglomux the Shield-Bearer, a novice DDFi of Makhleb (D:6)
  2 wraiths (D:10)
  A necrophage (D:9)
  An orc wizard (D:6)
  3 mummies (D:9)
  A worker ant zombie (D:9)
  3 orcs
13 creatures vanquished.

Vanquished Creatures (others)
  A two-headed ogre (D:12)
  A water moccasin (D:9)
  A wolf (D:9)
  An orc priest (D:7)
  2 orcs (D:7)
6 creatures vanquished.

Grand Total: 400 creatures vanquished

Notes
Turn   | Place    | Note
-------+----------+-------------------------------------------
     0 | D:1      | Brandom the Merfolk Chaos Knight began the quest for the Orb.
     0 | D:1      | Reached XP level 1. HP: 18/18 MP: 1/1
   103 | D:1      | XOM: divination: detect creatures
   194 | D:1      | Reached XP level 2. HP: 20/24 MP: 2/2
   263 | D:1      | XOM: smoke on damage
   329 | D:1      | Reached skill level 5 in Polearms
   678 | D:1      | XOM: god gift: helmet {god gift}
  1140 | D:2      | Reached XP level 3. HP: 29/29 MP: 3/3
  1150 | D:2      | Found an ancient bone altar of Kikubaaqudgha.
  1465 | D:2      | Found a faded altar of an unknown god.
  1701 | D:2      | Found a runed door.
  1737 | D:2      | XOM: cloud trail
  1740 | D:2      | XOM: medium Ice miscast
  1844 | D:2      | XOM: medium Pois miscast
  2024 | D:2      | Reached XP level 4. HP: 37/37 MP: 4/4
  2060 | D:2      | XOM: summons 1 hostile demon
  2083 | D:2      | XOM: harmless Ice miscast
  2232 | D:2      | XOM: medium Pois miscast
  2274 | D:2      | Noticed Crazy Yiuf
  2299 | D:2      | Killed Crazy Yiuf
  2299 | D:2      | Reached skill level 6 in Polearms
  2715 | D:3      | XOM: summons 1 hostile shadow creature
  2807 | D:3      | XOM: god gift: 5 rations
  3048 | D:3      | XOM: cloud trail
  3079 | D:3      | Reached XP level 5. HP: 42/42 MP: 5/5
  3124 | D:3      | XOM: noise
  3152 | D:3      | XOM: scenery: create altars
  3375 | D:3      | XOM: summons 2 hostile demons
  3588 | D:4      | Noticed a phantom
  3597 | D:4      | Found Ofufraog's Antique Weapon Shoppe.
  3599 | D:4      | XOM: scenery: create altars
  3617 | D:4      | XOM: cleaving
  3618 | D:4      | Reached skill level 7 in Polearms
  3624 | D:4      | Killed a phantom
  3624 | D:4      | Reached XP level 6. HP: 28/49 MP: 6/6
  3663 | D:4      | Noticed Edmund
  3667 | D:4      | XOM: enchant monster (good)
  3676 | D:4      | XOM: summons 4 friendly demons
  3718 | D:3      | XOM: god gift: 3 exploding tomahawks
  3904 | D:4      | Noticed Eustachio
  3904 | D:4      | XOM: chaos cloud
  3987 | D:4      | Killed Eustachio
  3987 | D:4      | Reached skill level 5 in Fighting
  3987 | D:4      | Reached skill level 8 in Polearms
  3987 | D:4      | Reached skill level 5 in Dodging
  4027 | D:4      | XOM: fog
  4039 | D:4      | Reached XP level 7. HP: 49/56 MP: 7/7
  4102 | D:4      | Killed Edmund
  4196 | D:4      | Reached skill level 9 in Polearms
  4932 | D:5      | Entered Level 5 of the Dungeon
  5389 | D:5      | Noticed Blork the orc
  5394 | D:5      | Killed Blork the orc
  5421 | D:5      | XOM: potion effect (agility)
  5482 | D:5      | Reached XP level 8. HP: 64/64 MP: 8/8
  5599 | D:5      | Reached skill level 10 in Polearms
  5983 | D:6      | XOM: harmless Summ miscast
  6041 | D:6      | Noticed Gorglomux's ghost (novice DDFi)
  6108 | D:6      | XOM: cloud trail
  6251 | D:6      | XOM: harmless Ice miscast
  6388 | D:6      | HP: 2/65 [Gorglomux's ghost (13)]
  6390 | D:6      | Killed Gorglomux's ghost
  6390 | D:6      | Reached skill level 11 in Polearms
  6585 | D:6      | XOM: god gift: glowing hat {god gift}
  6873 | D:6      | XOM: mild Conj miscast
  7063 | D:6      | XOM: scenery: 1 doors close
  7117 | D:7      | Reached XP level 9. HP: 71/72 MP: 9/9
  7126 | D:7      | Found a staircase to the Ecumenical Temple.
  7126 | D:7      | XOM: 2-stop teleportation journey
  7127 | D:7      | Noticed Prince Ribbit
  7129 | D:7      | XOM: destruction
  7130 | D:7      | Noticed Gorglomux's ghost (novice DDFi)
  7160 | D:6      | Identified Dap Buonkio's Grimoire of Enthralling Unholy Arts (Xom gifted it to you on level 6 of the Dungeon)
  7160 | D:6      | XOM: god gift: Dap Buonkio's Grimoire of Enthralling Unholy Arts
  7168 | D:6      | Learned a level 3 spell: Regeneration
  7255 | D:7      | XOM: cleaving
  7478 | D:6      | XOM: give mutations
  7478 | D:6      | Gained mutation: You evolve. [Xom's grace]
  7478 | D:6      | Gained mutation: You possess an exceptional clarity of mind. [Xom's grace]
  7478 | D:6      | Lost mutation: You evolve. [Xom's grace]
  7478 | D:6      | Gained mutation: You are somewhat resistant to further mutation. [Xom's grace]
  7778 | D:7      | Found an ornate altar of the Wu Jian Council.
  7861 | D:7      | XOM: god gift: 7 rations
  7922 | D:7      | XOM: potion effect (might)
  7930 | D:7      | Killed Gorglomux's ghost
  7930 | D:7      | Reached skill level 12 in Polearms
  8182 | D:7      | XOM: harmless Hex miscast
  8444 | D:7      | XOM: potion effect (haste)
  8445 | D:7      | XOM: fog
  8468 | D:7      | XOM: cleaving
  8470 | D:7      | Killed Prince Ribbit
  8470 | D:7      | Reached skill level 10 in Dodging
  8480 | D:7      | Reached XP level 10. HP: 33/82 MP: 10/10
  8778 | D:7      | XOM: divination: detect creatures
  9010 | D:7      | XOM: 1-stop teleportation journey
  9153 | D:8      | Found a stormy altar of Qazlal.
  9197 | D:8      | Noticed Pikel
  9207 | D:8      | Killed Pikel
  9207 | D:8      | Reached skill level 13 in Polearms
  9384 | D:8      | Found a sacrificial altar of Ru.
  9586 | D:8      | Found a glowing golden altar of the Shining One.
  9761 | D:8      | Found a staircase to the Lair.
  9979 | D:8      | XOM: cloud trail
 10055 | D:8      | XOM: god gift: 8 poisoned javelins
 10223 | D:9      | XOM: torment (43/83 hp)
 10318 | D:9      | Noticed a two-headed ogre
 10328 | D:9      | Killed a two-headed ogre
 10679 | D:9      | Found a glowing silver altar of Zin.
 10704 | D:9      | XOM: summons 6 friendly demons
 10844 | D:9      | Reached skill level 10 in Fighting
 10937 | D:9      | Learned a level 1 spell: Apportation
 11033 | D:9      | Noticed a two-headed ogre
 11033 | D:9      | XOM: enchant monster (good)
 11052 | D:9      | Killed a two-headed ogre
 11052 | D:9      | Reached skill level 14 in Polearms
 11504 | D:9      | XOM: god gift: scroll of fog
 11594 | D:9      | Noticed Grum
 11611 | D:9      | XOM: summons 2 friendly demons
 11642 | D:9      | Reached XP level 11. HP: 89/92 MP: 11/11
 11672 | D:9      | Killed Grum
 11893 | D:9      | XOM: mild Chrm miscast
 12014 | D:9      | Identified 3 scrolls of acquirement
 12025 | D:9      | Got a smoking animal skin
 12036 | D:9      | Identified the +0 animal skin of Resourcefulness {*Drain MR++} (You acquired it on level 9 of the Dungeon)
 12058 | D:9      | Noticed a two-headed ogre
 12059 | D:9      | XOM: scenery: create altars
 12065 | D:9      | Killed a two-headed ogre
 12285 | D:10     | Entered Level 10 of the Dungeon
 12413 | D:9      | XOM: give mutations
 12413 | D:9      | Lost mutation: You are somewhat resistant to further mutation. [Xom's mischief]
 12413 | D:9      | Gained mutation: Scrolls take you a little longer to read. [Xom's mischief]
 12502 | D:10     | XOM: noise
 12663 | D:10     | Noticed Maurice
 12810 | D:10     | Killed an unseen horror
 12810 | D:10     | Reached skill level 15 in Polearms
 12811 | D:10     | XOM: draining
 12812 | D:10     | XOM: noise
 13235 | D:10     | Noticed Erica
 13244 | D:10     | Killed Erica
 13246 | D:10     | Noticed an orc knight
 13257 | D:10     | XOM: enchant monster (bad)
 13620 | D:10     | XOM: medium Ice miscast
 13654 | D:10     | Killed an orc knight
 13669 | D:10     | XOM: medium Summ miscast
 13676 | D:10     | XOM: divination: detect items
 13984 | D:10     | Noticed Josephine
 13997 | D:10     | Killed Josephine
 13999 | D:10     | Reached skill level 16 in Polearms
 14030 | D:10     | Noticed a two-headed ogre
 14035 | D:10     | Killed a two-headed ogre
 14035 | D:10     | Reached XP level 12. HP: 101/101 MP: 12/12
 14203 | D:10     | XOM: silly message
 14259 | D:10     | Found a roughly hewn altar of Beogh.
 14259 | D:10     | Found a staircase to the Orcish Mines.
 14275 | D:10     | XOM: potion effect (invisibility)
 14279 | D:10     | XOM: potion effect (berserk rage)
 14285 | D:10     | XOM: harmless Tmut miscast
 14309 | D:10     | XOM: give mutations
 14309 | D:10     | Lost mutation: Scrolls take you a little longer to read. [Xom's mischief]
 14309 | D:10     | Gained mutation: Your flesh is heat resistant. (rF+) [Xom's mischief]
 14553 | D:10     | Got a bloodstained leather armour
 14564 | D:10     | Identified the cursed +0 leather armour of Evolution {rN+} (You found it on level 10 of the Dungeon)
 14613 | D:11     | XOM: 4-stop teleportation journey
 14705 | D:11     | XOM: mild Erth miscast
 14782 | D:11     | Noticed a six-headed hydra
 14787 | D:11     | Killed a six-headed hydra
 14787 | D:11     | Reached skill level 17 in Polearms
 14798 | D:11     | Noticed a four-headed hydra
 14799 | D:11     | XOM: summons 7 friendly demons
 14808 | D:11     | Killed a four-headed hydra
 14870 | D:11     | Noticed a tengu warrior
 14893 | D:11     | Killed a tengu warrior
 15026 | D:11     | Noticed a two-headed ogre
 15034 | D:11     | Killed a two-headed ogre
 15091 | D:11     | XOM: harmless Hex miscast
 15198 | D:11     | XOM: summons 1 hostile shadow creature
 15277 | D:11     | XOM: 8-stop teleportation journey
 15438 | D:11     | Noticed a two-headed ogre
 15444 | D:11     | Killed a two-headed ogre
 15489 | D:11     | XOM: give mutations
 15489 | D:11     | Gained mutation: You have a pair of small antennae on your head. [Xom's grace]
 15489 | D:11     | Gained mutation: You are covered in fur. (AC +1) [Xom's grace]
 15534 | D:11     | XOM: give mutations
 15534 | D:11     | Gained mutation: Your body sometimes deteriorates upon taking damage. [Xom's mischief]
 15534 | D:11     | Gained mutation: You are weak. (Str -2) [Xom's mischief]
 15534 | D:11     | Gained mutation: Your mind is acute. (Int +2) [Xom's mischief]
 15688 | D:11     | Reached skill level 18 in Polearms
 15888 | D:11     | XOM: medium Chrm miscast
 15945 | D:12     | Noticed a two-headed ogre
 15947 | D:12     | Noticed a two-headed ogre
 15948 | D:12     | XOM: chaos upgrade
 15953 | D:12     | XOM: cleaving
 15955 | D:12     | Killed a two-headed ogre
 15955 | D:12     | XOM: destruction
 15959 | D:12     | Killed a two-headed ogre
 16050 | D:12     | XOM: god gift: ration
 16391 | D:12     | Reached XP level 13. HP: 81/109 MP: 13/13
 16479 | D:12     | XOM: 2-stop teleportation journey
 16655 | D:12     | Found Foichuh's Book Shoppe.
 17083 | D:13     | Found a gate to the Vaults.
 17094 | D:13     | XOM: 4-stop teleportation journey
 17187 | D:13     | XOM: severe Ice miscast
 17228 | D:13     | XOM: mild Chrm miscast
 17286 | D:13     | XOM: mild Conj miscast
 17312 | D:13     | XOM: 1-stop teleportation journey
 17318 | D:13     | Reached skill level 19 in Polearms
 17340 | D:13     | Reached skill level 15 in Dodging
 17383 | D:13     | XOM: 1-stop teleportation journey
 17807 | D:13     | XOM: god gift: potion of haste
 18018 | D:13     | XOM: smoke on damage
 18137 | D:13     | XOM: 2-stop teleportation journey
 18371 | D:13     | Found Warhea Masie's Food Boutique.
 18782 | Lair:1   | Entered Level 1 of the Lair of Beasts
 18782 | Lair:1   | Found a labyrinth entrance.
 18790 | Lab      | Entered a labyrinth
 18792 | Lab      | XOM: 4-stop teleportation journey
 18945 | Lab      | XOM: fog
 19044 | Lab      | Noticed a minotaur
 19046 | Lab      | XOM: summons friendly white imp
 19051 | Lab      | Killed a minotaur
 19060 | Lab      | Found the +4 arc blade {discharge, rElec}
 19216 | Lair:1   | XOM: harmless Chrm miscast
 19395 | Lair:1   | XOM: give mutations
 19395 | Lair:1   | Gained mutation: You are clumsy. (Dex -2) [Xom's mischief]
 19395 | Lair:1   | Lost mutation: You are weak. (Str -2) [Xom's mischief]
 19395 | Lair:1   | Lost mutation: Your mind is acute. (Int +2) [Xom's mischief]
 19395 | Lair:1   | Lost mutation: Your flesh is heat resistant. (rF+) [Xom's mischief]
 19433 | Lair:1   | XOM: harmless Pois miscast
 19781 | Lair:1   | XOM: 6-stop teleportation journey
 19782 | Lair:1   | XOM: summons 6 hostile demons
 20141 | Lair:1   | XOM: mild Erth miscast
 20143 | Lair:1   | XOM: destruction
 20206 | Lair:1   | XOM: noise
 20218 | Lair:1   | XOM: medium Pois miscast
 20413 | Lair:1   | XOM: cloud trail
 20671 | Lair:1   | XOM: harmless Hex miscast
 20727 | Lair:2   | XOM: harmless Summ miscast
 20743 | Lair:2   | Slain by a komodo dragon

Vault maps used:
D:1:      minmay_arrival_four_houses, minmay_close_crescents
D:2:      overflow_temple_1_default, chequers_ecumenical_altar_simple_redux,
          uniq_crazy_yiuf_cottage
D:4:      serial_shops, shop, first_ration, uniq_eustachio, uniq_edmund
D:5:      minmay_fire_ice_demons, uniq_blork_the_orc
D:6:      hex_large
D:7:      lemuel_round_altar, minmay_temple_entry_steel_oval, grunt_ogre_cave,
          uniq_prince_ribbit1
D:8:      black_bear_nest_1, nicolae_qazlal_general_emergency,
          nicolae_tso_carved_into_rock, old_standard_altar, lair_entry_dummy,
          uniq_pikel
D:9:      zin_statuary, serial_undead, serial_undead_f, serial_undead_a,
          serial_undead_a, serial_undead_d, serial_undead_a, serial_undead_e,
          kennysheep_generic_room_8, uniq_grum
D:10:     david_orc_5, uniq_maurice, uniq_josephine, uniq_erica
D:12:     serial_shops, nicolae_shop_window_shopping
D:13:     david_vaults_1, serial_shops, shop_fountains, minmay_variable_closet
Lair:1:   cheibrodos_lair_river_kwai, lab_entry_generic
Lair:2:   gammafunk_cloud_chamber, grunt_megastairs_4, lemuel_fruit_tree
Lab:      labyrinth_mini_lab, nicolae_lab_x, nicolae_lab_big_swirl,
          nicolae_lab_swirl

Skill      XL: |  1  2  3  4  5  6  7  8  9 10 11 12 13 |
---------------+----------------------------------------+-----
Dodging        | 3 4 5 6 8 10 11 13 14 15 | 15.5
Polearms       | 5 6 7 8 9 11 12 14 16 18 19 | 19.9
Fighting       | 4 5 7 8 10 11 12 13 | 13.5
Armour         | |  0.6

Action                   |  1- 3 |  4- 6 |  7- 9 | 10-12 | 13-15 || total
-------------------------+-------+-------+-------+-------+-------++-------
Melee: Spear             |   127 |   142 |   436 |   356 |       ||  1061
       Unarmed           |       |     1 |       |       |       ||     1
       Shortbow          |       |       |     2 |       |       ||     2
       Bardiche          |       |       |       |   428 |   209 ||   637
 Fire: Hunting sling     |       |       |    40 |       |       ||    40
       Shortbow          |       |       |    49 |    71 |    56 ||   176
Throw: Tomahawk          |       |     5 |     1 |     4 |       ||    10
       Javelin           |       |       |       |    33 |     1 ||    34
       Throwing net      |       |       |       |       |     1 ||     1
Evoke: Wand              |       |       |    18 |    11 |    20 ||    49
  Use: Scroll            |       |     7 |     5 |    16 |     6 ||    34
       Potion            |       |       |     3 |     4 |       ||     7
 Stab: Sleeping          |     4 |       |       |     1 |     2 ||     7
       Paralysed         |     5 |     3 |     5 |    10 |       ||    23
       Confused          |     1 |       |     4 |     2 |       ||     7
       Petrifying        |       |     1 |     1 |     6 |       ||     8
       Invisible         |       |     1 |       |     8 |       ||     9
       Petrified         |       |       |     1 |     9 |       ||    10
       Distracted        |       |       |     1 |     3 |       ||     4
  Eat: Chunk             |     3 |     6 |    11 |    14 |     6 ||    40
       Ration            |       |       |     1 |     4 |     2 ||     7
Armor: Leather armour    |    32 |    22 |    69 |   132 |    76 ||   331
Dodge: Dodged            |    71 |    43 |   190 |   621 |   247 ||  1172
       Deflected         |       |       |       |       |     2 ||     2

Table legend:
 A = Spawn XP
 B = Non-spawn XP
 C = Spawn XP percentage of total XP
 D = Spawn monster count
 E = Non-spawn monster count
 F = Spawn count percentage of total count
 G = Total turns spent on level
                    A         B        C        D         E        F      G
               +---------+---------+-------+---------+---------+-------+---------
         Total |       0 |   47949 |   0.0 |       0 |     397 |   0.0 | 20743
               +---------+---------+-------+---------+---------+-------+---------
           D:1 |       0 |      32 |   0.0 |       0 |      17 |   0.0 |  1025
           D:2 |       0 |      92 |   0.0 |       0 |      16 |   0.0 |  1615
           D:3 |       0 |      68 |   0.0 |       0 |      27 |   0.0 |  1152
           D:4 |       0 |     745 |   0.0 |       0 |      18 |   0.0 |  1400
           D:5 |       0 |     518 |   0.0 |       0 |      19 |   0.0 |   785
           D:6 |       0 |     923 |   0.0 |       0 |      18 |   0.0 |  1400
           D:7 |       0 |    2393 |   0.0 |       0 |      31 |   0.0 |  1660
           D:8 |       0 |    1277 |   0.0 |       0 |      18 |   0.0 |  1138
           D:9 |       0 |    5663 |   0.0 |       0 |      52 |   0.0 |  3108
          D:10 |       0 |    9219 |   0.0 |       0 |      84 |   0.0 |  1407
          D:11 |       0 |    8244 |   0.0 |       0 |      27 |   0.0 |  1354
          D:12 |       0 |    5207 |   0.0 |       0 |      23 |   0.0 |  1010
          D:13 |       0 |    6775 |   0.0 |       0 |      27 |   0.0 |  1728
        Lair:1 |       0 |    4058 |   0.0 |       0 |      10 |   0.0 |  1633
        Lair:2 |       0 |     894 |   0.0 |       0 |       5 |   0.0 |    54
           Lab |       0 |    1841 |   0.0 |       0 |       5 |   0.0 |   274
               +---------+---------+-------+---------+---------+-------+---------
